 Dungeon Crawl Stone Soup version 0.28.0 (webtiles) character file.

Game seed: 7117671787949561248

4004 AmazingTV the Fighter (level 10, -3/88 (90) HPs)
             Began as a Minotaur Fighter on June 27, 2022.
             Was a Priest of Elyvilon.
             Slain by a slime creature (8 damage)
             ... on level 7 of the Dungeon.
             The game lasted 00:33:38 (12765 turns).

AmazingTV the Fighter (Minotaur Fighter)           Turns: 12765, Time: 00:33:39

HP:   -3/88 (90)    AC: 11    Str: 26    XL:     10   Next: 3%
MP:   12/12         EV:  9    Int:  5    God:    Elyvilon [***...]
Gold: 41            SH:  6    Dex: 15    Spells: 9/9 levels left

rFire   . . .      SeeInvis .   b - +4 hand axe
rCold   . . .      Faith    .   c - +0 buckler
rNeg    . . .      Spirit   .   x - +0 scale mail
rPois   .          Reflect  .   (helmet restricted)
rElec   .          Harm     .   (no cloak)
rCorr   .          Rampage  .   J - +2 pair of gloves
Will    .....                   (no boots)
Stlth   ..........              (no amulet)
HPRegen 0.24/turn               t - +6 ring of strength
MPRegen 0.13/turn               (no ring)

@: lightly drained
A: horns 2, retaliatory headbutt
a: Renounce Religion, Purification, Heal Other, Heal Self


You were on level 7 of the Dungeon.
You worshipped Elyvilon.
Elyvilon was most pleased with you.
You visited 2 branches of the dungeon, and saw 9 of its levels.

You collected 433 gold pieces.
You spent 392 gold pieces at shops.

Inventory:

Hand Weapons
 a - a +0 war axe
 b - a +4 hand axe (weapon)
 e - a +0 flail
 G - a +3 hand axe
 H - a +2 whip of electrocution
 N - a +0 dire flail
 O - a +2 battleaxe
Missiles
 k - 57 bolts
 D - a silver javelin (quivered)
 E - a javelin
Armour
 c - a +0 buckler (worn)
 x - a +0 scale mail (worn)
 I - a +0 kite shield
 J - a +2 pair of gloves (worn)
 M - a +1 plate armour of fire resistance
Jewellery
 t - a +6 ring of strength (left hand)
Wands
 r - a wand of flame (36)
 u - a wand of digging (10)
 B - a wand of acid (5)
Scrolls
 f - a scroll of vulnerability {unknown}
 i - 2 scrolls of immolation {unknown}
 m - 6 scrolls of teleportation {unknown}
 n - 4 scrolls of blinking {unknown}
 o - 5 scrolls of identify
 p - 3 scrolls of amnesia
 q - 2 scrolls of magic mapping
 w - a scroll of enchant armour {unknown}
 y - a scroll of noise {unknown}
 A - a scroll of silence {unknown}
 K - a scroll of enchant weapon {unknown}
 L - a scroll of fog {unknown}
Potions
 d - 2 potions of might
 g - a potion of haste
 h - a potion of mutation {unknown}
 j - a potion of magic {unknown}
 l - 3 potions of heal wounds
 s - 6 potions of curing {unknown}
 v - 4 potions of cancellation {unknown}
 z - 2 potions of flight {unknown}
 C - 2 potions of brilliance
 F - 3 potions of resistance {unknown}


   Skills:
 + Level 8.4 Fighting
 + Level 7.7(8.9) Axes
 + Level 6.7(8.4) Maces & Flails
 + Level 8.2 Armour
 + Level 8.3 Shields
 + Level 4.5 Invocations


You had 9 spell levels left.
You didn't know any spells.
Your spell library contained the following spells:

 Spells                   Type           Power      Damage    Failure   Level
 Beastly Appendage        Tmut           0%         N/A       80%         1
 Sublimation of Blood     Necr           0%         N/A       90%         2
 Wereblood                Tmut           0%         N/A       90%         2
 Spider Form              Tmut/Pois      0%         N/A       99%         3
 Tukima's Dance           Hex            0%         N/A       99%         3
 Passage of Golubria      Tloc           0%         N/A       100%        4
 Yara's Violent Unravell  Hex/Tmut       0%         3d3       100%        5
 Summon Hydra             Summ           0%         N/A       100%        7


Dungeon Overview and Level Annotations

Branches:
Dungeon (8/15)             Temple (1/1) D:5
   Lair: D:8-11

Altars:
Ashenzari
Cheibriados
Dithmenos
Elyvilon
Fedhas
Gozag
Hepliaklqana
Kikubaaqudgha
Makhleb
Nemelex Xobeh
Okawaru
Qazlal
Ru
Trog
Uskayaw
Vehumet
Wu Jian
Xom
Yredelemnul
Zin
The Shining One

Shops:
D:5 *   D:8 *[*!


Innate Abilities, Weirdness & Mutations

You have a pair of horns on your head.
You reflexively headbutt those who attack you in melee.


Message History

You headbutt the very large slime creature!
The very large slime creature is moderately wounded.
You block the very large slime creature's attack.
You slash the very large slime creature!
The very large slime creature is moderately wounded.
A very large slime creature splits.
You hit the large slime creature. You headbutt the large slime creature!
The large slime creature is heavily wounded.
You completely miss the slime creature. You slash the large slime creature!
You headbutt the large slime creature.
The large slime creature is heavily wounded.
You hit the slime creature. The large slime creature hits you!!
The slime creature hits you but does no damage.
You slash the large slime creature! You headbutt the large slime creature!
The large slime creature is severely wounded.
You hit the slime creature.
You block the large slime creature's attack.
You block the slime creature's attack.
You hit the large slime creature.
The large slime creature is almost dead.
You hit the slime creature. The large slime creature hits you!!
* * * LOW HITPOINT WARNING * * *
The slime creature barely misses you.
There is a stone staircase leading down here.
There is a stone staircase leading up here.
You hit the large slime creature.
The large slime creature is almost dead.
You hit the slime creature.
The large slime creature barely misses you.
The slime creature hits you but does no damage.
You hit the large slime creature. You headbutt the large slime creature.
The large slime creature is almost dead.
You slash the slime creature!
A large slime creature splits.
You block the slime creature's attack.
You slash the slime creature!
The slime creature is almost dead.
You slash the slime creature! x2; The slime creature hits you!
* * * LOW HITPOINT WARNING * * *
The slime creature hits you!
You die...

...#.##.###.##.............#
#.)...........#.#.###.####.#
...############.#.#...# #.#
...# #.......# #.# ####
##### ####.#.#.###### ...#
#..)# #....#)#......# ...#
#...# #..........#### ...#
#...# #.#JJ>...##### ...#
##)## #..@J........# ...#
##.# #.#.[..#.###.# ####
#.## #........# #.# ...#
##.# #.......## #.######
...# #.## #.......# #......#
..## ##.## #.......#
#.####.# ### #...##
#.......# ##...##.# #)...#
#.......# #.......# ##..##
#.......###.#####.#


You could see 3 slime creatures.

Vanquished Creatures
  A cyclops (D:6)
  Joseph (D:7)
  A kobold demonologist (D:6)
  Grinder (D:4)
  A slime creature (D:8)
  Sigmund (D:4)
  A water moccasin (D:7)
  2 orc warriors (D:8)
  2 sky beasts
  2 necrophages (D:6)
  A centaur (D:7)
  A phantom (D:5)
  Blork the orc (D:4)
  A gnoll sergeant (D:5)
  2 scorpions
  A water moccasin zombie (D:5)
  3 wights
  A howler monkey (D:6)
  A bullfrog zombie (D:6)
  A centaur zombie (D:5)
  3 jellies
  A hound (D:6)
  Crazy Yiuf (D:7)
  7 orc priests
  2 gnoll shamans (D:7)
  2 iguanas
  Natasha (thrice) (D:2)
  5 orc wizards
  A killer bee zombie (D:6)
  A hound skeleton (D:4)
  A howler monkey zombie (D:6)
  9 adders
  15 gnolls
  2 shadow imps
  2 white imps
  A worm (D:3)
  A dart slug (D:1)
  33 orcs
  12 ball pythons
  5 endoplasms
  3 giant cockroaches
  6 goblins
  6 hobgoblins
  4 jackals (D:4)
  3 kobolds
  5 quokkas
  A bat (D:1)
  3 frilled lizards
  7 rats (D:2)
171 creatures vanquished.

Vanquished Creatures (others)
  An orc wizard (D:4)
1 creature vanquished.

Grand Total: 172 creatures vanquished

Notes
Turn   | Place    | Note
-------+----------+-------------------------------------------
     0 | D:1      | AmazingTV the Minotaur Fighter began the quest for the Orb.
     0 | D:1      | Reached XP level 1. HP: 19/19 MP: 0/0
    70 | D:1      | Reached XP level 2. HP: 21/27 MP: 1/1
   313 | D:1      | Found a glowing golden altar of the Shining One.
   819 | D:2      | Reached XP level 3. HP: 33/33 MP: 2/2
  1256 | D:2      | Reached XP level 4. HP: 36/41 MP: 3/3
  1453 | D:2      | Noticed Natasha
  1458 | D:2      | Killed Natasha
  1665 | D:2      | Noticed Natasha
  1672 | D:2      | Killed Natasha
  1794 | D:2      | Noticed Natasha
  1801 | D:2      | Killed Natasha
  1802 | D:2      | Reached XP level 5. HP: 41/47 MP: 4/4
  2775 | D:3      | Reached skill level 1 in Maces & Flails
  2861 | D:4      | Noticed Blork the orc
  2871 | D:4      | Killed Blork the orc
  2872 | D:4      | Reached skill level 5 in Fighting
  2872 | D:4      | Reached skill level 5 in Armour
  2872 | D:4      | Reached skill level 5 in Shields
  2874 | D:4      | Reached XP level 6. HP: 50/56 MP: 5/5
  3235 | D:4      | Noticed Sigmund
  3467 | D:4      | Found an iron altar of Okawaru.
  3497 | D:4      | Found a stormy altar of Qazlal.
  3504 | D:4      | Noticed Grinder
  3538 | D:4      | Killed Grinder
  3539 | D:4      | Reached XP level 7. HP: 21/61 MP: 6/6
  3970 | D:4      | Found an ornate altar of the Wu Jian Council.
  4043 | D:4      | Killed Sigmund
  4044 | D:4      | Reached skill level 5 in Axes
  4165 | D:5      | Entered Level 5 of the Dungeon
  4219 | D:5      | Found a staircase to the Ecumenical Temple.
  4225 | Temple   | Entered the Ecumenical Temple
  4229 | Temple   | Became a worshipper of Elyvilon the Healer
  4496 | D:5      | Reached XP level 8. HP: 61/70 MP: 7/7
  5005 | D:5      | Reached skill level 1 in Invocations
  5183 | D:5      | Reached * piety under Elyvilon
  5184 | D:5      | Found a blossoming altar of Fedhas.
  5188 | D:5      | Found an ancient bone altar of Kikubaaqudgha.
  5188 | D:5      | Found an opulent altar of Gozag.
  5191 | D:5      | Found a hide-covered altar of Uskayaw.
  5192 | D:5      | Found a radiant altar of Vehumet.
  5193 | D:5      | Found a glowing silver altar of Zin.
  5463 | D:5      | Found Biruciq's General Store.
  5471 | D:5      | Bought a scroll of amnesia for 49 gold pieces
  5471 | D:5      | Bought a scroll of identify for 28 gold pieces
  5471 | D:5      | Bought a scroll of magic mapping for 49 gold pieces
  6139 | D:6      | Noticed a cyclops
  6139 | D:6      | Noticed a troll
  6711 | D:6      | Killed a cyclops
  6712 | D:6      | Reached skill level 5 in Maces & Flails
  6712 | D:6      | Reached XP level 9. HP: 53/79 MP: 8/10
  7474 | D:6      | Noticed a kobold demonologist
  7481 | D:6      | Noticed a hellwing
  7482 | D:6      | Noticed a soul eater
  7483 | D:6      | Killed a kobold demonologist
  8380 | D:7      | Noticed Joseph
  8975 | D:7      | Reached ** piety under Elyvilon
  9031 | D:7      | Found a runed translucent door.
  9032 | D:7      | Noticed Crazy Yiuf
  9089 | D:7      | Killed Crazy Yiuf
  9850 | D:7      | Killed Joseph
 10155 | D:8      | Found Wuiguaca's General Store.
 10155 | D:8      | Found Ciriud Gasa's Assorted Antiques.
 10164 | D:8      | Found Afiegus's Distillery.
 10164 | D:8      | Found Jeophesmu's Armour Shop.
 10170 | D:8      | Bought a puce potion for 25 gold pieces
 10170 | D:8      | Bought a scroll labelled CUQIBE OLIYTOA for 28 gold pieces
 10170 | D:8      | Bought a glowing black potion for 25 gold pieces
 10170 | D:8      | Bought 2 scrolls labelled GOUTUBRUBOG for 56 gold pieces
 10177 | D:8      | Bought a potion of brilliance for 48 gold pieces
 10177 | D:8      | Bought 2 potions of lignification for 72 gold pieces
 10177 | D:8      | Bought a potion of degeneration for 12 gold pieces
 10200 | D:8      | Noticed a cyclops
 10218 | D:8      | Elyvilon protects you from harm!
 10887 | D:8      | HP: 2/81 [orc priest/divine providence (14)]
 11584 | D:8      | Reached *** piety under Elyvilon
 11936 | D:8      | Reached XP level 10. HP: 85/87 MP: 12/12
 12765 | D:7      | Slain by a slime creature

Illustrated notes

Levels and vault maps discovered:
D:1:      lightli_arrival_lavapool, layout_loops_ring, kennysheep_flooded_box,
          minmay_misc_feat_pillars, dk_noncrumbling_3
D:2:      layout_basic, minmay_three_crescents, uniq_natasha
D:3:      layout_loops_corners
D:4:      layout_gridville, grunt_qazlal_sundering, mainiacjoe_overflow_catwalk,
          okawaru_gym_becter, uniq_sigmund, uniq_grinder, uniq_blork_the_orc
D:5:      layout_gridville, minitemple, minmay_temple_entry_hall, serial_shops,
          nicolae_shop_statue_plus
D:6:      minmay_cornered_nines, layout_loops_ring
D:7:      layout_basic, uniq_joseph, uniq_crazy_yiuf_cottage
D:8:      layout_basic, minmay_shop_grid_forest
Temple:   nicolae_temple_x_marks_the_god

Skill      XL: |  1  2  3  4  5  6  7  8  9 |
---------------+----------------------------+-----
Fighting       | 4 5 6 7 8 |  8.4
Armour         | 4 5 6 7 8 |  8.2
Shields        | 4 5 6 7 8 |  8.3
Axes           | 3 4 5 6 7 |  7.7
Maces & Flails | 1 2 3 5 6 |  6.7
Invocations    | 2 4 |  4.5

Action                   |  1- 3 |  4- 6 |  7- 9 | 10-12 || total
-------------------------+-------+-------+-------+-------++-------
Melee: War axe           |    68 |    68 |   200 |       ||   336
       Headbutt          |     9 |    21 |    63 |     8 ||   101
       Hand axe          |       |    32 |   131 |    23 ||   186
Throw: Javelin           |       |       |     9 |       ||     9
Invok: Purification      |       |       |     1 |       ||     1
  Use: Potion            |       |       |     5 |       ||     5
       Scroll            |       |       |     1 |       ||     1
Armor: Scale mail        |    31 |    33 |   100 |     5 ||   169
Dodge: Dodged            |    35 |    37 |   114 |     7 ||   193
Block: Buckler           |    13 |    24 |    84 |     9 ||   130
